AoeStats
← anmolmaly

Scandinavia

510329100Analyzed
1v1 RM · 1d ago on Sep 30, 2026· 41m 21s· 2 players
Game mode
Random Map
Map size
Tiny (2 player)
Population
200
Speed
Normal
Resources
Standard
Victory
Conquest
Starting age
Dark Age
Ending age
Imperial Age
RankedLock teamsTeams togetherTeam positionsShared explorationLock speedFull tech treeHidden civsTurbo modeCheats
Victory
Defeat
🇮🇳 Mongols · India
1661
+13
🇮🇹 Goths · Italy
1585
-13
anmolmaly
3:04 Loom
12:07 Feudal Age
16:22 Castle Age
15:16 Double-Bit Axe
18:27 Bow Saw
18:50 Fletching
20:23 Wheelbarrow
20:11 Horse Collar
21:15 Heavy Plow
23:05 Bodkin Arrow
25:56 Ballistics
26:45 Bloodlines
26:35 Husbandry
27:33 Hand Cart
27:27 Town Watch
27:59 Padded Archer Armor
32:14 Imperial Age
30:42 Thumb Ring
33:21 Conscription
33:04 Bracer
33:20 Leather Archer Armor
33:33 Parthian Tactics
34:12 Chemistry
34:01 Gold Mining
34:01 Stone Mining
33:46 Light Cavalry
34:55 Hussar
35:53 Scale Barding Armor
35:59 Forging
36:57 Chain Barding Armor
38:08 Iron Casting
37:26 Fishing Lines
42:14 Blast Furnace
Elnor
6:35 Loom
9:28 Feudal Age
9:31 Man-at-Arms
10:08 Double-Bit Axe
18:24 Castle Age
17:22 Fletching
17:40 Horse Collar
19:00 Padded Archer Armor
19:25 Bow Saw
19:29 Elite Skirmisher
25:16 Wheelbarrow
31:04 Imperial Age
28:45 Scale Mail Armor
29:49 Anarchy
30:09 Squires
30:57 Chain Mail Armor
34:10 Conscription
34:26 Forging
36:07 Perfusion
38:25 Pikeman
Connection lost

Rejoining the realm…

Still unreachable

The connection could not be restored.

Session expired

The server has moved on; the page needs a fresh start.